 Dungeon Crawl Stone Soup version 0.19-a0-231-gae044c8 (webtiles) character file.

7 namelastname112 the Sneak (level 1, -1/9 HPs)
             Began as a Spriggan Enchanter on May 24, 2016.
             Killed from afar by a dart slug (3 damage)
             ... with a slug dart
             ... on level 1 of the Dungeon.
             The game lasted 00:01:09 (708 turns).

namelastname112 the Sneak (Spriggan Enchanter)       Turns: 708, Time: 00:01:09

Health: -1/9       AC:  3    Str:  4    XL:     1   Next: 83%
Magic:  5/5        EV: 18    Int: 16    God:
Gold:   68         SH:  0    Dex: 16    Spells: 1 memorised, 4 levels left

rFire  . . .     SeeInvis +     a - +1 dagger
rCold  . . .     Gourm    .     b - +1 robe
rNeg   . . .     Faith    .     (shield restricted)
rPois  .         Spirit   .     (helmet restricted)
rElec  .         Dismiss  .     (no cloak)
rCorr  .         Reflect  .     (gloves unavailable)
SustAt .         Harm     .     (boots unavailable)
MR     .....                    (no amulet)
Stlth  +++.......               (no ring)
                                (no ring)

@: very quick, not resistant to hostile enchantments, fairly stealthy
A: unfitting armour, see invisible, herbivore 3, speed 3, slow metabolism 2
a: no special abilities


You were on level 1 of the Dungeon.
You were not hungry.

You visited 1 branch of the dungeon, and saw 1 of its levels.

You collected 68 gold pieces.

Inventory:

Hand Weapons
 a - a +1 dagger (weapon)
Armour
 b - a +1 robe (worn)
Scrolls
 e - a scroll of identify {unknown}
 f - a scroll of teleportation {unknown}
Books
 c - a book of Maledictions

   Spells                             Type                      Level
   a - Corona                         Hexes                        1
   b - Ensorcelled Hibernation        Hexes/Ice                    2
   c - Confuse                        Hexes                        3
   d - Tukima's Dance                 Hexes                        3
   e - Dazzling Spray                 Conjuration/Hexes            3
Comestibles
 d - a bread ration


   Skills:
 + Level 0.2 Fighting
 + Level 1.3 Short Blades
 + Level 3.3 Dodging
 + Level 4.6 Stealth
 + Level 2.6 Spellcasting
 + Level 3.6 Hexes


You had 4 spell levels left.
You knew the following spells:

 Your Spells              Type           Power        Failure   Level  Hunger
a - Corona                Hex            ##.....      6%          1    #......


Dungeon Overview and Level Annotations

Branches:
Dungeon (1/15)

Altars:


Innate Abilities, Weirdness & Mutations

You are tiny and cannot use many weapons and most armour.
You have supernaturally acute eyesight. (SInv)
You are a herbivore.
You cover ground extremely quickly.
You need consume almost no food.


Message History

The goblin is severely wounded.
The goblin completely misses you. The kobold hits you with a dagger.
You take 4 damage, and have 4/9 hp.
MASSIVE DAMAGE!!
You barely miss the goblin.
The goblin is severely wounded.
The kobold misses you. The goblin hits you with a club.
* * * LOW HITPOINT WARNING * * *
A giant gecko comes into view.
You take 3 damage, and have 1/9 hp.
MASSIVE DAMAGE!!
You are too injured to fight recklessly!
The giant gecko moves out of view.
You see here a short sword.
You hit the dart slug but do no damage. The dart slug launches a dart at you.
The slug dart misses you.
You hit the dart slug.
The dart slug is lightly wounded.
The dart slug launches a dart at you. The slug dart hits you!
You die...

#.........≈8#≈≈≈≈≈#.≈≈.#
#.........≈.#≈...≈#.≈≈.#
##........≈.#≈.#.≈#§§≈.#
#.........≈8#≈.#.≈#§≈§.#
#.........≈.#≈.#.≈#.≈≈.#
#...........'..#..'..).'
##..........'..#..'....'
##...#...≈.#≈.#.≈#.≈≈.#
#####@..≈8#≈.#.≈#§≈§§#
####w..≈.#≈.#.≈#.≈≈.#
###†.....≈.#≈...≈#.≈≈.#
##...##...≈8#≈≈≈≈≈#.≈≈.#
#.........≈.############
###..######.≈..8..........
#...## #.≈≈≈≈≈≈≈≈≈≈≈≈≈≈
#...# #...............
#..### ##.##...........


You could see a dart slug.

Vanquished Creatures
  2 goblins (D:1)
  A hobgoblin (D:1)
  2 bats (D:1)
  A kobold (D:1)
6 creatures vanquished.

Notes
Turn   | Place    | Note
--------------------------------------------------------------
     0 | D:1      | namelastname112 the Spriggan Enchanter began the quest for the Orb.
     0 | D:1      | Reached XP level 1. HP: 9/9 MP: 5/5
     0 | D:1      | epen: ну чё
     0 | D:1      | epen: глянул?
     0 | D:1      | namelastname112: неинтересно
    48 | D:1      | epen: знаешь
   308 | D:1      | epen: в этом и зааключается проблема сприганов
   317 | D:1      | epen: НАЧАЛО
   368 | D:1      | epen: считай один удар
   383 | D:1      | epen: и всё
   641 | D:1      | epen: Массив дэмэдж
   642 | D:1      | namelastname112: эм
   642 | D:1      | namelastname112: нет
   642 | D:1      | namelastname112: это проблема кого угодно
   642 | D:1      | epen: бля
   642 | D:1      | namelastname112: если ты не берсеркер
   672 | D:1      | epen: Имя
   683 | D:1      | epen: скажи
   708 | D:1      | Killed from afar by a dart slug

Vault maps used:
D:1:      lightli_arrival_isolated_outpost, serial_curves, eino_curves_02,
          eino_curves_01

Action                   || total
-------------------------++-------
Melee: Dagger            ||    36
 Cast: Corona            ||     1
Armor: Robe              ||     5
Dodge: Dodged            ||    29
